Map: Jagannatha LE

Players

Mixu

  • Race: Zerg Zerg
  • League: Grandmaster

TheCowboy - Winner!

  • Race: Protoss Protoss
  • League: Grandmaster

VOD

Have the link to the VOD?

Description

Time

  • Played on: May 15, 2021, 8:54 a.m.
  • Length: 7:08
Show
View Real Time Build Order
Export as new Build Order

Mixu Zerg 

Build Orders: Hatch First 

Get SALT Encoding   

  12  0:00  Drone  
  13  0:12  Overlord  
  13  0:17  Drone  
  14  0:30  Drone x2  
  16  0:43  Drone  
  17  0:52  Hatchery  
  17  0:55  Drone  
  17  0:59  Drone  
  18  1:10  Extractor  
  17  1:13  Spawning Pool  
  17  1:16  Drone  
  17  1:20  Drone  
  18  1:27  Drone  
  19  1:41  Drone  
  20  1:52  Overlord  
  20  2:01  Queen  
  20  2:03  Queen  
  20  2:04  Zergling x2, Drone  
  26  2:12  Zergling x2  
  26  2:13  Metabolic Boost  
  26  2:14  Drone  
  28  2:22  Drone  
  29  2:25  Drone  
  30  2:38  Hatchery  
  30  2:40  Drone x2  
  31  2:47  Drone  
  31  2:49  Overlord  
  32  2:54  Queen  
  32  2:57  Drone  
  35  2:59  Drone  
  36  3:12  Spore Crawler  
  34  3:19  Drone x5  
  39  3:20  Drone  
  39  3:26  Drone  
  42  3:29  Overlord  
  42  3:33  Queen  
  44  3:39  Overlord  
  44  3:42  Overlord  
  44  3:49  Queen  
  44  3:51  Drone  
  44  3:53  Drone x3  
  50  3:59  Drone x4  
  50  4:01  Drone x2  
  56  4:06  Spore Crawler  
  56  4:07  Drone  
  56  4:13  Queen  
  56  4:17  Overlord, Drone  
  58  4:22  Drone x3  
  62  4:25  Drone x2  
  62  4:27  Spore Crawler  
  63  4:34  Drone x4  
  63  4:37  Spore Crawler  
  65  4:42  Drone x3  
  65  4:45  Roach Warren, Drone x3  
  70  4:50  Extractor  
  69  4:52  Extractor  
  69  4:55  Drone  
  69  4:56  Drone x5  
  69  4:58  Lair  
  69  4:59  Zergling x2  
  74  5:05  Overlord  
  74  5:06  Overlord  
  74  5:08  Overlord  
  74  5:12  Extractor  
  74  5:13  Drone  
  74  5:15  Evolution Chamber  
  74  5:18  Overlord, Drone  
  74  5:25  Zergling x6  
  74  5:27  Overlord  
  74  5:31  Drone  
  74  5:33  Drone x5  
  74  5:34  Drone x5  
  80  5:39  Drone  
  78  5:43  Drone  
  79  5:50  Drone  
  79  5:53  Extractor  
  79  5:54  Overlord  
  79  5:55  Drone x4  
  79  5:56  Extractor  
  84  6:00  Drone x3  
  85  6:05  Spire, Hatchery  
  85  6:09  Overseer  
  85  6:11  Drone  
  83  6:20  Zergling x6  
  83  6:22  Roach x6  
  98  6:34  Roach x2  
  98  6:35  Overlord, Roach  
  108  6:40  Drone x4  
  112  6:50  Drone x2  
  112  6:53  Spore Crawler  
  113  6:59  Spore Crawler  
Show
View Real Time Build Order
Export as new Build Order

TheCowboy Protoss - Winner!

Build Orders: 1 Gate Expand, Oracle Opening 

Get SALT Encoding   

  12  0:00  Probe  
  13  0:12  Probe  
  14  0:20  Pylon  
  14  0:24  Probe  
  15  0:38  Probe (Chrono Boost)  
  16  0:42  Gateway  
  16  0:47  Probe (Chrono Boost)  
  17  0:52  Assimilator  
  17  0:54  Probe  
  18  1:06  Probe  
  19  1:19  Probe  
  20  1:27  Nexus  
  20  1:37  Cybernetics Core  
  20  1:41  Probe  
  20  1:46  Assimilator  
  21  1:53  Probe  
  22  1:56  Pylon  
  22  2:08  Probe  
  23  2:11  Adept (Chrono Boost)  
  25  2:20  Probe  
  25  2:21  Stargate  
  26  2:31  Warp Gate  
  26  2:32  Probe (Chrono Boost)  
  26  2:36  Adept  
  29  2:40  Probe (Chrono Boost)  
  31  2:44  Probe (Chrono Boost)  
  31  2:48  Probe (Chrono Boost)  
  31  2:50  Probe (Chrono Boost)  
  33  2:53  Probe (Chrono Boost)  
  34  2:58  Probe  
  34  3:00  Void Ray (Chrono Boost)  
  35  3:05  Probe  
  35  3:10  Probe  
  41  3:18  Probe  
  42  3:21  Pylon  
  42  3:23  Probe  
  42  3:25  Gateway  
  43  3:30  Probe  
  44  3:35  Probe  
  44  3:37  Oracle (Chrono Boost)  
  48  3:42  Probe  
  48  3:43  Pylon  
  48  3:47  Probe  
  50  3:53  Nexus  
  50  3:55  Probe  
  51  4:04  Probe  
  51  4:06  Pylon  
  51  4:08  Oracle (Chrono Boost)  
  51  4:09  Probe  
  56  4:13  Assimilator  
  56  4:16  Assimilator, Probe  
  57  4:21  Probe  
  58  4:24  Pylon  
  58  4:25  Robotics Facility  
  58  4:28  Probe  
  59  4:33  Probe  
  60  4:40  Probe  
  60  4:42  Shield Battery  
  60  4:44  Adept x2  
  60  4:45  Probe  
  66  4:49  Void Ray  
  67  4:53  Probe (Chrono Boost)  
  67  4:57  Probe (Chrono Boost)  
  72  5:06  Forge  
  73  5:09  Probe (Chrono Boost)  
  73  5:10  Pylon, Probe x2 (Chrono Boost)  
  73  5:14  Observer  
  76  5:15  Robotics Bay  
  76  5:17  Probe x2 (Chrono Boost)  
  76  5:20  Probe (Chrono Boost)  
  79  5:22  Probe (Chrono Boost)  
  79  5:23  Probe  
  81  5:32  Void Ray (Chrono Boost), Probe  
  81  5:34  Probe  
  81  5:38  Probe  
  81  5:41  Assimilator  
  84  5:44  Assimilator, Pylon, Probe  
  84  5:46  Stargate, Probe  
  86  5:50  Probe  
  86  5:55  Shield Battery  
  86  5:56  Adept x2, Pylon, Probe  
  92  5:58  Probe  
  92  6:03  Probe  
  92  6:04  Pylon  
  94  6:05  Disruptor  
  94  6:08  Probe  
  94  6:10  Probe  
  99  6:15  Photon Cannon  
  99  6:22  Void Ray x2 (Chrono Boost)  
  99  6:23  Probe  
  99  6:24  Pylon  
  108  6:33  Pylon  
  108  6:36  Nexus  
  111  6:51  Probe  
  111  6:52  Pylon, Probe  
  113  6:55  Fleet Beacon  
Tags
 
Add a new tag
Caveats
  • Supply blocks, unpowered buildings, or Contaminate may cause inaccurate times.
  • Supply counts are checked every 10 seconds.